 Dungeon Crawl Stone Soup version 0.31-a0-532-g28f74ba3e5 (webtiles) character file.

Game seed: 14485339729134259947

72 HoaS the Cudgeller (level 4, -5/41 HPs)
             Began as a Troll Gladiator on Aug 12, 2023.
             Splashed by a jelly's acid (10 damage)
             ... on level 2 of the Dungeon.
             The game lasted 00:05:16 (1475 turns).

HoaS the Cudgeller (Troll Gladiator)                Turns: 1475, Time: 00:05:17

Health: -5/41      AC: -7    Str: 22    XL:     4   Next: 7%
Magic:  3/3        EV: 10    Int:  4    God:
Gold:   79         SH:  0    Dex: 13    Spells: 3/3 levels left

rFire   . . .        a - +0 flail
rCold   . . .        (no shield)
rNeg    . . .        f - +1 robe {Will+}
rPois   .            c - +0 hat
rElec   .            (no cloak)
rCorr   .            (gloves unavailable)
SInv    .            (boots unavailable)
Will    +....        (no amulet)
Stlth   +            (no ring)
HPRegen 1.06/turn    (no ring)
MPRegen 0.08/turn

%: no passive effects
@: corroded
A: large, unfitting armour, claws 3, regeneration 1, shaggy fur 1, tough skin 1
a: no special abilities


You were on level 2 of the Dungeon.
You visited 1 branch of the dungeon, and saw 2 of its levels.

You collected 79 gold pieces.

Inventory:

Hand Weapons
 a - a +0 flail (weapon)
Missiles
 d - 4 throwing nets (quivered)
 e - a large rock
Armour
 c - a +0 hat (worn)
 f - a +1 robe of willpower (worn)
Scrolls
 b - a scroll of identify
Potions
 g - a potion of lignification


   Skills:
 - Level 1.5 Fighting
 + Level 4.5 Maces & Flails
 - Level 1.7 Throwing
 - Level 2.4 Dodging


You had 3 spell levels left.
You didn't know any spells.
Your spell library contained the following spells:

 Spells                   Type           Power      Damage    Failure   Level
 Foxfire                  Conj/Fire      0%         2x1d4     50%         1
 Magic Dart               Conj           0%         1d3       50%         1
 Searing Ray              Conj           0%         2d4       65%         2
 Fulminant Prism          Conj/Hex       0%         3d5       99%         4
 Plasma Beam              Fire/Air       0%         2x1d10    100%        6
 Starburst                Conj/Fire      0%         6d3       100%        6


Dungeon Overview and Level Annotations

Branches:
Dungeon (2/15)

Altars:


Innate Abilities, Weirdness & Mutations

You are too large for most types of armour.
You have claws for hands.
Your natural rate of healing is unusually fast.
You are covered in fur. (AC +1)
You have tough skin. (AC +1)


Message History

h - a +1 whip of flaming You drop a +1 whip of flaming.
You hear a distant slurping noise.
There is an open gate here.
You see here a stone.
There is an open door here.
An endoplasm comes into view.
The endoplasm quivers.
An endoplasm is nearby!
You hit the endoplasm.
You kill the endoplasm!
No target in view!
No target in view!
No target in view!
No target in view!
Things that are here:
a +0 dagger; a kobold corpse 3 jellies and 8 endoplasms come into view.
Found four items.
The endoplasm quivers. x4
The endoplasm quivers. x3; The jelly quivers. x2; The endoplasm quivers.
You hit the endoplasm.
The endoplasm is lightly wounded.
The endoplasm hits you but does no damage.
You sock the endoplasm!
You kill the endoplasm!
You hit the jelly but do no damage. The acid corrodes you!
Your claws burn!
The endoplasm hits the toadstool.
The toadstool is destroyed!
The jelly hits you. The acid corrodes you!
You are splashed with acid!
The endoplasm jiggles.
The endoplasm freezes you.
You are frozen.
The endoplasm hits you.
The jelly jiggles.
The jelly hits you. The acid corrodes you!
You are splashed with acid!
* * * LOW HITPOINT WARNING * * *
The jelly attacks as you move away! The jelly hits you.
* * * LOW HITPOINT WARNING * * *
You are splashed with acid!
You die...

#.# #... #.# ####.#. ######.##
#....#. ....÷.#.## #......
###......# #...##. #......#
##.#### #.#.#### ###########.####
#.#############J.....##........
#.####......##@J.J...##.##.###.
###..##.......#.#JJJ.÷.##.##.# .
.###.'........#.#JJ....##.##.###.
.##..'......(.#.#J.J...##.##.....
.##..'......#'#)#......##.#.....#
.##..##.....#.#.#......##........
)#...###....#.#.#......####.#...#
.'...#########.##÷....!##........
.#....##### ### ###.#...#


You could see 3 jellies and 7 endoplasms.

Vanquished Creatures
  An adder (D:2)
  2 ball pythons (D:1)
  2 bats (D:1)
  5 endoplasms
  4 giant cockroaches
  7 goblins
  9 hobgoblins
  2 jackals (D:2)
  9 kobolds
  4 quokkas
  A frilled lizard (D:1)
  6 rats
52 creatures vanquished.

Notes
Turn   | Place    | Note
-------+----------+-------------------------------------------
     0 | D:1      | HoaS the Troll Gladiator began the quest for the Orb.
     0 | D:1      | Reached XP level 1. HP: 19/19 MP: 0/0
    43 | D:1      | Reached skill level 3 in Maces & Flails
    73 | D:1      | Reached XP level 2. HP: 22/27 MP: 1/1
   313 | D:1      | Reached XP level 3. HP: 33/33 MP: 2/2
   855 | D:2      | Reached skill level 4 in Maces & Flails
   930 | D:2      | Found a faded altar of an unknown god.
  1374 | D:2      | Reached XP level 4. HP: 38/41 MP: 3/3
  1475 | D:2      | Splashed by a jelly's acid

Illustrated notes

Levels and vault maps discovered:
D:1:      saegor_arrival_simple_a, layout_basic
D:2:      cheibrodos_fertilizer, layout_loops_corners,
          shapermc_ecumenical_altar_acropolis, minmay_pentomino_p4

Skill      XL: |  1  2  3 |
---------------+----------+-----
Maces & Flails | 3 4 |  4.5
Fighting       | |  1.5
Throwing       | |  1.7
Dodging        | |  2.4

Action                     |  1- 3 |  4- 6 || total
---------------------------+-------+-------++-------
  Melee: Flail             |   141 |    11 ||   152
    Use: Scroll            |     3 |       ||     3
 Armour: Robe              |    51 |     5 ||    56
  Dodge: Dodged            |    91 |     2 ||    93

Table legend: (Time is in decaauts)
 A = Elapsed time spent in this place.
 B = Non-inter-level travel time spent in this place.
 C = Inter-level travel time spent in this place.
 D = Time resting spent in this place.
 E = Time spent auto-exploring this place.
 F = Levels seen in this place.
 G = Mean time per level.
                   A        B        C        D        E       F      G
               +--------+--------+--------+--------+--------+-----+--------+
         Total |   1507 |   1479 |     28 |    102 |   1015 |   2 |  753.5 |
       Dungeon |   1507 |   1479 |     28 |    102 |   1015 |   2 |  753.5 |
               +--------+--------+--------+--------+--------+-----+--------+

Top non-repeatable levels by time:
     D:2: 830 daAuts
     D:1: 676 daAuts
